 Dungeon Crawl Stone Soup version 0.19.1-1-g22dce08 (webtiles) character file.

30 orochimarko the Sneak (level 3, 0/21 HPs)
             Began as a Felid Enchanter on Dec 28, 2016.
             Succumbed to an adder's poison
             ... on level 2 of the Dungeon.
             The game lasted 00:16:44 (1561 turns).

orochimarko the Sneak (Felid Enchanter)             Turns: 1561, Time: 00:16:45

Health: 0/21       AC: 21    Str:  4    XL:     3   Next: 5%
Magic:  2/7        EV:  4    Int: 17    God:
Gold:   93         SH:  6    Dex: 16    Spells: 3 memorised, 0 levels left
                                        Lives:  0   Deaths: 0

rFire  . . .     SeeInvis +       - Unarmed
rCold  . . .     Gourm    .     (armour unavailable)
rNeg   + + +     Faith    .     (shield unavailable)
rPois  +         Spirit   .     (helmet unavailable)
rElec  .         Reflect  +     (cloak unavailable)
rCorr  .         Harm     .     (gloves unavailable)
MR     .....     NoTele   +     (boots unavailable)
Stlth  +++.......               j - +6 amulet of reflection
                                (no ring)
                                (no ring)

@: lethally poisoned (0 -> -5), tree-form, very slightly contaminated, hasted,
very quick
A: no armour, no weapons or thrown items, stealth, (claws 0), (fangs 0), see
invisible, carnivore 3, (speed 0), (shaggy fur 0), slow metabolism 1, (sharp
paws)
a: no special abilities


You were on level 2 of the Dungeon.
You were completely stuffed.
You were a tree.
You visited 1 branch of the dungeon, and saw 2 of its levels.

You collected 93 gold pieces.

Inventory:

Jewellery
 j - a +6 amulet of reflection (around neck)
Scrolls
 d - a scroll of fear {unknown}
 e - a scroll of recharging
 g - a scroll of noise {unknown}
Potions
 i - a potion of brilliance {unknown}
 k - a potion of lignification
 l - a potion of curing {unknown}
Books
 a - a book of Maledictions

   Spells                             Type                      Level
   a - Corona                         Hexes                        1
   b - Ensorcelled Hibernation        Hexes/Ice                    2
   c - Confuse                        Hexes                        3
   d - Tukima's Dance                 Hexes                        3
   e - Dazzling Spray                 Conjuration/Hexes            3
Comestibles
 b - a meat ration
 f - a beef jerky


   Skills:
 + Level 3.0 Dodging
 + Level 4.9 Stealth
 + Level 1.4 Unarmed Combat
 + Level 2.0 Spellcasting
 + Level 4.8 Hexes
 + Level 0.1 Ice Magic


You couldn't memorise any spells.
You knew the following spells:

 Your Spells              Type           Power        Failure   Level  Hunger
a - Corona                Hex            ###....      2%          1    #......
b - Ensorcelled Hibernat  Hex/Ice        ##....       12%         2    ###....
c - Confuse               Hex            ###.....     10%         3    ###....


Dungeon Overview and Level Annotations

Branches:
Dungeon (2/15)

Altars:


Innate Abilities, Weirdness & Mutations

You cannot wear armour.
You are incapable of wielding weapons or throwing items.
Your paws allow you to move quietly. (Stealth)
((You have sharp claws.))
((You have razor-sharp teeth.))
You have supernaturally acute eyesight. (SInv)
You are carnivorous and can eat meat at any time.
((You cover ground quickly.))
((You are covered in fur. (AC +1)))
You have a slow metabolism.
((Your sharp claws are effective at attacking unaware monsters.))


Message History

You scratch the adder but do no damage. Your bite misses the adder.
The adder is heavily wounded.
You block the adder's attack.
You scratch the adder.
The adder is severely wounded.
The adder bites you.
* * * LOW HITPOINT WARNING * * *
The adder misses you.
You scratch the adder but do no damage.
The adder is severely wounded.
* * * LOW HITPOINT WARNING * * *
You feel sick. You block the adder's attack.
You scratch the adder.
The adder is almost dead.
The adder closely misses you.
It was a potion of lignification.
You turn into a tree.
Your roots penetrate the ground.
The adder bites you but does no damage. The adder barely misses you.
It was a potion of haste.
You feel yourself speed up.
You die...

##.....##
##.......##
#.)......$#
+.........+
#.........#
#.......# #.S...#
#.♣.# ##'## #.#
#.# ##.##
#####...##
#........#
#.###....###
######...........


You could see an adder.

Vanquished Creatures
  2 oozes (D:1)
  A leopard gecko (D:1)
  4 goblins (D:1)
  4 hobgoblins (D:1)
  A ball python (D:2)
  A frilled lizard (D:1)
  6 kobolds
  2 rats (D:1)
21 creatures vanquished.

Notes
Turn   | Place    | Note
-------+----------+-------------------------------------------
     0 | D:1      | orochimarko the Felid Enchanter began the quest for the Orb.
     0 | D:1      | Reached XP level 1. HP: 7/7 MP: 4/4
   490 | D:1      | Reached XP level 2. HP: 5/11 MP: 3/6
   517 | D:1      | Learned a level 2 spell: Ensorcelled Hibernation
  1486 | D:2      | Reached XP level 3. HP: 14/14 MP: 7/7
  1494 | D:2      | Learned a level 3 spell: Confuse
  1561 | D:2      | Succumbed to an adder's poison

Skill      XL: |  1  2 |
---------------+-------+-----
Dodging        | 3 |  3.0
Stealth        | |  4.9
Unarmed Combat | |  1.4
Spellcasting   | |  2.0
Hexes          | |  4.8
Ice Magic      | |  0.1

Action                   || total
-------------------------++-------
Melee: Unarmed           ||    52
       Bite              ||     2
       Punch             ||     1
 Cast: Corona            ||    11
       Ensorcelled Hiber ||     8
  Use: Scroll            ||     1
       Potion            ||     2
 Stab: Sleeping          ||    14
  Eat: Chunk             ||     9
Armor: Skin              ||     2
Dodge: Dodged            ||    28
Block: Other             ||     4
